 Dungeon Crawl Stone Soup version 0.32-a0-779-g362cfcae2a (webtiles) character file.

Game seed: 15871051050825859935

2058 ezpacito the Trooper (level 9, 0/69 HPs)
             Began as a Coglin Chaos Knight on Mar 20, 2024.
             Was a Plaything of Xom.
             Slain by a six-headed hydra (2 damage)
             ... on level 8 of the Dungeon.
             The game lasted 00:05:55 (5783 turns).

ezpacito the Trooper (Coglin Chaos Knight)          Turns: 5783, Time: 00:05:56

Health: 0/69       AC: 13    Str: 17    XL:     9   Next: 25%
Magic:  13/13      EV:  8    Int:  9    God:    Xom [..*...]
Gold:   204        SH:  0    Dex: 13    Spells: 13/13 levels left

rFire   . . .        w - +8 trident "Killer Bee's Regret" {heavy, rPois rCorr Int-3}
rCold   . . .        a - +0 hand axe (chaos) {Anan}
rNeg    . . .        g - +0 chain mail
rPois   +            (no helmet)
rElec   .            u - +0 cloak
rCorr   +            (no gloves)
SInv    .            (no boots)
Will    .....        (amulet unavailable) Stlth
                     (ring unavailable)
HPRegen 0.31/turn    (ring unavailable)
MPRegen 0.13/turn    (no gizmo)

%: no passive effects
@: no status effects
A: off-hand wielding, slow wielding, warmup strikes, no jewellery, iridescent
scales 1, sense surroundings 1, poison resistance
a: Invent Gizmo, Renounce Religion


You were on level 8 of the Dungeon.
You worshipped Xom.
You were a toy of Xom.
You visited 2 branches of the dungeon, and saw 9 of its levels.

You collected 399 gold pieces.
You spent 195 gold pieces at shops.

Inventory:

Hand Weapons
 a - a +0 hand axe of chaos (offhand) {Anan}
 d - a +0 war axe
 f - a +1 whip of electrocution {Fernando}
 w - the +8 trident "Killer Bee's Regret" (weapon) {heavy, rPois rCorr Int-3}
   (You bought it in a shop on level 6 of the Dungeon)

   Int-3:     It affects your intelligence (-3).
   rPois:     It protects you from poison.
   rCorr:     It protects you from acid and corrosion.
Missiles
 b - 2 throwing nets (quivered)
 h - 13 poisoned darts
 s - 16 javelins
Armour
 g - a +0 chain mail (worn)
 u - a +0 cloak (worn)
Talismans
 c - a blade talisman
Wands
 v - a wand of charming (6)
Scrolls
 e - 2 scrolls of immolation
 j - 3 scrolls of noise
 k - a scroll of enchant weapon
 r - 2 scrolls of fog
 t - a scroll of teleportation
 x - a scroll of enchant armour
Potions
 m - a potion of attraction
 n - a potion of resistance
 p - a potion of ambrosia
 q - 2 potions of curing


   Skills:
 * Level 5.8 Fighting
 * Level 5.8(6.3) Axes
 + Level 3.1(4.6) Polearms
 * Level 4.9 Armour
 * Level 4.5 Dodging
 + Level 2.9 Stealth
 + Level 2.6 Spellcasting


You had 13 spell levels left.
You didn't know any spells.
Your spell library contained the following spells:

 Spells                   Type           Power      Damage    Failure   Level
 Gell's Gravitas          Tloc           1%         N/A       100%        3
 Teleport Other           Tloc           1%         N/A       100%        3
 Dispersal                Tloc           0%         N/A       100%        6


Dungeon Overview and Level Annotations

Branches:
Dungeon (8/15)             Temple (1/1) D:7
   Lair: D:8-11

Altars:
Ashenzari
Cheibriados
Dithmenos
Elyvilon
Gozag
Hepliaklqana
Kikubaaqudgha
Makhleb
Nemelex Xobeh
Okawaru
Qazlal
Ru
Sif Muna
Trog
Uskayaw
Vehumet
Wu Jian
Xom
Yredelemnul
Zin
The Shining One

Shops:
D:6 (

Annotations:
D:8 Jeremiah


Innate Abilities, Weirdness & Mutations

You can wield a second weapon in your off-hand.
It takes a long time for you to wield or remove held weapons.
Your first few attacks do less damage.
You cannot equip rings or amulets.
You are partially covered in iridescent scales. (AC +2)
You passively map a small area around you.
Your system is resistant to poisons. (rPois)


Message History

The six-headed hydra closely misses you.
The six-headed hydra barely misses you.
There is a stone staircase leading up here.
You take 28 damage, and have 41/69 hp.
MASSIVE DAMAGE!!
Aiming: Charm
Press: ? - help, Shift-Dir - straight line, f - six-headed hydra
Aim: a six-headed hydra (chance to affect: 17%)
The six-headed hydra resists with almost no effort.
The six-headed hydra bites you! The six-headed hydra bites you.
The six-headed hydra bites you but does no damage.
The six-headed hydra bites you!
* * * LOW HITPOINT WARNING * * *
The six-headed hydra bites you but does no damage.
The six-headed hydra bites you.
* * * LOW HITPOINT WARNING * * *
You take 25 damage, and have 16/69 hp.
MASSIVE DAMAGE!!
Aiming: Charm
Press: ? - help, Shift-Dir - straight line, f/p - six-headed hydra
Aim: a six-headed hydra (chance to affect: 17%)
The six-headed hydra resists with almost no effort.
The six-headed hydra barely misses you.
The six-headed hydra completely misses you.
The six-headed hydra bites you but does no damage. x2
The six-headed hydra closely misses you.
The six-headed hydra bites you but does no damage.
Aiming: Charm
Press: ? - help, Shift-Dir - straight line, f/p - six-headed hydra
Aim: a six-headed hydra (chance to affect: 17%)
The six-headed hydra resists with almost no effort.
The six-headed hydra bites you but does no damage.
The six-headed hydra bites you!
* * * LOW HITPOINT WARNING * * *
The six-headed hydra bites you but does no damage.
The six-headed hydra bites you.
You die... "Hey, that's my toy!"
Xom revives you! The six-headed hydra bites you.
You die...
Xom thinks this is hilarious!

####(...........#...*
#######.###.........*
######.#####..#.#..#*
#####.#######.#.#..##
####..#######...#..(#
####..#######.#.##..#
####.#.#####..#.##..#
####.##.###...).....#
####@###...##.#..#...
#.D# ######.#......
#.## #.#...... #.#
##.#.###.. #.# #..#.#
#.. #.# #.##.# ##<
#.# #.##.# ##. #.#
#.##.###.) #.#
#.##......


You could see a six-headed hydra.

Vanquished Creatures
  A wyvern (D:8)
  Menkaure (D:7)
  2 water moccasins
  3 ice beasts
  An orc warrior (D:8)
  A sky beast (D:7)
  2 ogres
  A centaur (D:7)
  2 phantoms
  A bullfrog (D:7)
  A scorpion (D:4)
  3 wights (D:7)
  A howler monkey (D:5)
  A bombardier beetle (D:5)
  A hound (D:5)
  A jelly (D:6)
  An orc priest (D:8)
  A sleepcap (D:5)
  2 orc wizards
  10 gnolls
  6 adders
  2 white imps
  A dart slug (D:5)
  13 orcs
  3 bats
  2 endoplasms (D:2)
  6 hobgoblins
  4 jackals (D:1)
  3 quokkas
  4 ball pythons
  2 goblins
  4 kobolds
  A rat (D:1)
88 creatures vanquished.

Vanquished Creatures (collateral kills)
  A ball python (D:3)
1 creature vanquished.

Vanquished Creatures (others)
  An ogre (D:5)
1 creature vanquished.

Grand Total: 90 creatures vanquished

Notes
Turn   | Place    | Note
-------+----------+-------------------------------------------
     0 | D:1      | ezpacito the Coglin Chaos Knight began the quest for the
                  | Orb.
     0 | D:1      | Reached XP level 1. HP: 18/18 MP: 1/1
   185 | D:1      | Reached skill level 1 in Dodging
   185 | D:1      | Reached XP level 2. HP: 14/24 MP: 2/2
   258 | D:1      | XOM: silly message
   433 | D:1      | Found a faded altar of an unknown god.
   588 | D:2      | Found a white marble altar of Elyvilon.
   606 | D:2      | Reached XP level 3. HP: 24/29 MP: 3/3
  1085 | D:3      | Reached XP level 4. HP: 29/35 MP: 4/4
  1089 | D:3      | XOM: confuse monster(s)
  1299 | D:3      | Reached skill level 1 in Polearms
  1684 | D:3      | Reached XP level 5. HP: 40/41 MP: 4/6
  1900 | D:3      | Reached skill level 1 in Stealth
  2217 | D:4      | XOM: cloud trail
  2246 | D:4      | XOM: scenery: summon butterflies
  2250 | D:4      | Reached skill level 1 in Spellcasting
  2503 | D:4      | Reached XP level 6. HP: 47/48 MP: 7/7
  2690 | D:5      | Entered Level 5 of the Dungeon
  2698 | D:5      | XOM: noise
  2739 | D:5      | Found a bloodstained altar of Trog.
  2739 | D:5      | XOM: noise
  2749 | D:5      | Found a stormy altar of Qazlal.
  2753 | D:5      | Noticed an ice beast
  2755 | D:5      | XOM: silly message
  2762 | D:5      | Killed an ice beast
  2762 | D:5      | XOM: confuse monster(s)
  2763 | D:5      | Reached XP level 7. HP: 51/54 MP: 7/9
  2919 | D:5      | XOM: 2-stop teleportation journey
  3529 | D:6      | Found an iron altar of Okawaru.
  3667 | D:6      | XOM: give mutations
  3667 | D:6      | Gained mutation: Your system is resistant to poisons.
                  | (rPois) [Xom's grace]
  3667 | D:6      | Gained mutation: You are partially covered in iridescent
                  | scales. (AC +2) [Xom's grace]
  3667 | D:6      | Gained mutation: You passively map a small area around you.
                  | [Xom's grace]
  3801 | D:6      | XOM: cloud trail
  4013 | D:6      | Found Nires's Antique Weapon Shoppe.
  4018 | D:6      | Bought a pitted trident for 195 gold pieces
  4018 | D:6      | Identified the +8 trident "Killer Bee's Regret" {heavy,
                  | rPois rCorr Int-3} (You bought it in a shop on level 6 of
                  | the Dungeon)
  4105 | D:6      | Reached XP level 8. HP: 29/61 MP: 10/10
  4250 | D:6      | XOM: silly message
  4251 | D:6      | XOM: silly message
  4549 | D:7      | Found a broken altar of Ashenzari.
  4609 | D:7      | Found a staircase to the Ecumenical Temple.
  4667 | D:7      | XOM: noise
  4701 | Temple   | Entered the Ecumenical Temple
  4762 | D:7      | Reached skill level 5 in Fighting
  4762 | D:7      | Reached skill level 5 in Axes
  4763 | D:7      | XOM: confusion (+ monsters)
  4879 | D:7      | Found a hazy altar of Hepliaklqana.
  5018 | D:7      | Identified the +0 robe "Ogarrina" {rC++ Will+ rCorr Slay-6}
  5106 | D:7      | Noticed Menkaure
  5110 | D:7      | XOM: enchant monster (good)
  5111 | D:7      | Killed Menkaure
  5225 | D:7      | Reached XP level 9. HP: 54/68 MP: 12/12
  5555 | D:8      | Noticed Jeremiah
  5555 | D:8      | Noticed a five-headed hydra
  5556 | D:8      | XOM: enchant monster (good)
  5557 | D:8      | XOM: confuse monster(s)
  5565 | D:8      | HP: 2/69 [six-headed hydra (4)]
  5582 | D:7      | XOM: cloud trail
  5783 | D:8      | Xom revived you
  5783 | D:8      | Slain by a six-headed hydra

Illustrated notes

Levels and vault maps discovered:
D:1:      mrwooster_arrival_statue_2, layout_basic,
          shapermc_ecumenical_altar_mp_vishouse
D:2:      layout_rooms, basic_altar
D:3:      layout_loops_corners
D:4:      layout_cave_pools
D:5:      layout_cave_pools, grunt_qazlal_clouds, mainiacjoe_overflow_alcove_2
D:6:      layout_gridville, okawaru_metal_pillars_3, serial_shops,
          nicolae_shop_rolling_square, nrook_pool_corridor
D:7:      layout_loops_ring, mainiacjoe_overflow_cross_hatched,
          lemuel_crystal_altar, minmay_temple_entry_nine_rooms, uniq_menkaure
D:8:      layout_loops_ring, fedhas_bush_and_centaur_altar, uniq_jeremiah
Temple:   nicolae_temple_superstar

Skill      XL: |  1  2  3  4  5  6  7  8  9 |
---------------+----------------------------+-----
Dodging        | 1 2 3 4 |  4.5
Armour         | 2 3 4 |  4.9
Polearms       | 1 2 3 |  3.1
Stealth        | 1 2 |  2.9
Spellcasting   | 1 2 |  2.6
Fighting       | 4 5 |  5.8
Axes           | 4 5 |  5.8

Action                     |  1- 3 |  4- 6 |  7- 9 || total
---------------------------+-------+-------+-------++-------
  Melee: Hand axe          |    54 |    56 |    83 ||   193
         Dagger            |    46 |     7 |       ||    53
         Whip              |       |    48 |    39 ||    87
         Trident           |       |       |    55 ||    55
  Evoke: Wand              |       |       |     4 ||     4
    Use: Scroll            |       |    12 |     5 ||    17
         Potion            |       |     4 |     4 ||     8
   Stab: Confused          |       |       |     2 ||     2
 Armour: Leather armour    |     2 |       |       ||     2
         Chain mail        |    61 |    64 |   131 ||   256
  Dodge: Dodged            |    20 |    37 |    43 ||   100

Table legend: (Time is in decaauts)
 A = Elapsed time spent in this place.
 B = Non-inter-level travel time spent in this place.
 C = Inter-level travel time spent in this place.
 D = Time resting spent in this place.
 E = Time spent auto-exploring this place.
 F = Levels seen in this place.
 G = Mean time per level.
                   A        B        C        D        E       F      G
               +--------+--------+--------+--------+--------+-----+--------+
         Total |   5812 |   5476 |    336 |    728 |   4083 |   9 |  645.8 |
       Dungeon |   5810 |   5475 |    335 |    728 |   4083 |   8 |  726.2 |
        Temple |      1 |      1 |      0 |      0 |      0 |   1 |    1.0 |
               +--------+--------+--------+--------+--------+-----+--------+

Top non-repeatable levels by time:
     D:6: 1271 daAuts
     D:3: 1183 daAuts
     D:7: 1090 daAuts
     D:1: 589 daAuts
     D:5: 585 daAuts
     D:4: 514 daAuts
     D:2: 410 daAuts
     D:8: 165 daAuts
  Temple: 1 daAuts
